 Dungeon Crawl Stone Soup version 0.27-a0-1071-ga85bd9520d (webtiles) character file.

Game seed: 12973460305912610511

133 graki42 the Conjurer (level 4, 0/24 HPs)
             Began as a Deep Elf Conjurer on Apr 24, 2021.
             Slain by Grinder (3 damage)
             ... on level 3 of the Dungeon.
             The game lasted 00:05:09 (2384 turns).

graki42 the Conjurer (Deep Elf Conjurer)            Turns: 2384, Time: 00:05:10

Health: 0/24       AC:  2    Str:  5    XL:     4   Next: 94%
Magic:  5/13       EV: 12    Int: 23    God:
Gold:   95         SH:  5    Dex: 13    Spells: 10/13 levels left

rFire    . . .     SeeInvis .   (no weapon)
rCold    . . .     Faith    .   (no shield)
rNeg     . . .     Spirit   .   a - +0 robe
rPois    .         Reflect  +   (no helmet)
rElec    .         Harm     .   (no cloak)
rCorr    .         Rampage  .   (no gloves)
Will     .....                  (no boots)
Stlth    ++........             m - amulet of reflection
HPRegen  0.08/turn              (no ring)
MPRegen  0.13/turn              (no ring)

@: no status effects
A: no striking features
a: no special abilities


You were on level 3 of the Dungeon.
You visited 1 branch of the dungeon, and saw 3 of its levels.

You collected 95 gold pieces.

Inventory:

Armour
 a - a +0 robe (worn)
Jewellery
 m - an amulet of reflection (around neck)
Scrolls
 e - a scroll of enchant armour {unknown}
 g - a scroll of magic mapping {unknown}
 h - 3 scrolls of brand weapon {unknown}
 j - a scroll of identify {unknown}
Potions
 b - a potion of curing {unknown}
 c - 3 potions of mutation {unknown}
 d - a potion of might {unknown}
 f - a potion of cancellation {unknown}
 i - a potion of lignification {unknown}
 k - a potion of invisibility {unknown}
 l - a potion of attraction {unknown}


   Skills:
 - Level 3.0 Dodging
 - Level 3.0 Stealth
 + Level 5.1 Spellcasting
 + Level 5.5 Conjurations


You had 10 spell levels left.
You knew the following spells:

 Your Spells              Type           Power      Damage    Failure   Level
a - Magic Dart            Conj           100%       1d8       1%          1
b - Searing Ray           Conj           62%        3d5       1%          2

Your spell library contained the following spells:

 Spells                   Type           Power      Damage    Failure   Level
 Foxfire                  Conj/Fire      72%        2x1d7     3%          1
 Conjure Flame            Conj/Fire      18%        6-21      9%          3
 Dazzling Flash           Conj/Hex       36%        N/A       9%          3
 Corpse Rot               Necr/Air       N/A        N/A       14%         2
 Poisonous Vapours        Pois/Air       10%        N/A       14%         2
 Ignite Poison            Fire/Tmut/Pois 5%         N/A       28%         3
 Inner Flame              Hex/Fire       5%         N/A       28%         3
 Swiftness                Air            5%         N/A       28%         3
 Fulminant Prism          Conj/Hex       9%         3d7       30%         4
 Iskenderun's Mystic Bla  Conj/Tloc      18%        2d6       30%         4
 Sticky Flame             Conj/Fire      18%        2d4       30%         4
 Fireball                 Conj/Fire      9%         3d6       63%         5
 Airstrike                Air            2%         N/A       67%         4


Dungeon Overview and Level Annotations

Branches:
Dungeon (3/15)

Altars:
Nemelex Xobeh

Shops:
D:2 (

Annotations:
D:3 Grinder


Message History

You add the spells Foxfire, Conjure Flame, Inner Flame, Sticky Flame and Fireball to your library.
Found a rapier.
You now have 95 gold pieces (gained 12).
Found an escape hatch in the floor.
There is an escape hatch in the floor here.
You open the door.
Found a stone staircase leading down.
Grinder comes into view.
There is an open door here.
Grinder shouts!
Grinder blinks!
Casting: Magic Dart (safe; 1% risk of failure)
Confirm with . or Enter, or press ? or * to list all spells.
Aiming: Searing Ray (safe; 1% risk of failure)
Press: ? - help, Shift-Dir - straight line, f - Grinder
Aim: Grinder (77% to hit)
The searing ray hits Grinder!
Grinder is moderately wounded. (Press . to maintain the ray.)
The searing ray hits Grinder!
Grinder is heavily wounded.
The searing ray hits Grinder!
Grinder is severely wounded.
The searing ray misses Grinder.
You finish channeling your searing ray.
Grinder misses you.
Casting: Searing Ray (safe; 1% risk of failure)
Confirm with . or Enter, or press ? or * to list all spells.
Aiming: Searing Ray (safe; 1% risk of failure)
Press: ? - help, Shift-Dir - straight line, f/p - Grinder
Aim: Grinder (severely wounded, 77% to hit)
The searing ray misses Grinder. (Press . to maintain the ray.) Grinder hits you!
You writhe in agony.
Unknown command.
The searing ray hits Grinder!
Grinder is almost dead.
Grinder hits you.
* * * LOW HITPOINT WARNING * * *
You writhe in agony.
You die...

#.####.#....###..###..#
#.## #...#.## #### ####
...# #.###.# ...#
#.###+## ...# #.##...##
##.###.#.....##
............[.## #.#
...............####....#
...............'@5.....#
...###.........####....#
...# #........## #.#
.#####.#.....##
.......##...##
.#########'## .# #.# .#
######.########## .#
#...............#


You could see Grinder.

Vanquished Creatures
  An orc priest (D:2)
  4 gnolls (D:3)
  An adder (D:2)
  3 dart slugs
  2 orcs
  3 endoplasms
  2 giant cockroaches (D:2)
  4 goblins
  2 hobgoblins (D:3)
  10 jackals
  A kobold (D:2)
  5 ball pythons
  3 bats
  3 frilled lizards
  7 rats
51 creatures vanquished.

Notes
Turn   | Place    | Note
-------+----------+-------------------------------------------
     0 | D:1      | graki42 the Deep Elf Conjurer began the quest for the Orb.
     0 | D:1      | Reached XP level 1. HP: 10/10 MP: 6/6
    19 | D:1      | Found a faded altar of an unknown god.
   182 | D:1      | Reached XP level 2. HP: 15/15 MP: 2/8
   185 | D:1      | Learned a level 2 spell: Searing Ray
   745 | D:2      | Reached XP level 3. HP: 19/19 MP: 8/10
   951 | D:2      | Identified the Incunabulum of Virous Flight
  1072 | D:2      | Found Kes Hyun's Antique Weapon Emporium.
  1302 | D:2      | Reached skill level 5 in Conjurations
  1302 | D:2      | Reached XP level 4. HP: 14/24 MP: 8/12
  1584 | D:3      | Found a sparkling altar of Nemelex Xobeh.
  2066 | D:3      | Reached skill level 5 in Spellcasting
  2377 | D:3      | Noticed Grinder
  2384 | D:3      | Slain by Grinder

Illustrated notes

Levels and vault maps discovered:
D:1:      heliophobic_arrival_enchanted_forest, layout_basic,
          ebering_ecumenical_altar_mist
D:2:      layout_loops_ring, serial_shops, nicolae_shop_crystal
D:3:      layout_loops_corners, marbit_many_paths, uniq_natasha, uniq_grinder

Skill      XL: |  1  2  3  4 |
---------------+-------------+-----
Stealth        | 3 |  3.0
Dodging        | 3 |  3.0
Spellcasting   | 4 5 |  5.1
Conjurations   | 5 |  5.5

Action                   |  1- 3 |  4- 6 || total
-------------------------+-------+-------++-------
 Cast: Magic Dart        |    43 |    24 ||    67
       Searing Ray       |     5 |     7 ||    12
Armor: Robe              |     1 |     2 ||     3
Dodge: Dodged            |     1 |     2 ||     3

Table legend: (Time is in decaauts)
 A = Elapsed time spent in this place.
 B = Non-inter-level travel time spent in this place.
 C = Inter-level travel time spent in this place.
 D = Time resting spent in this place.
 E = Time spent auto-exploring this place.
 F = Levels seen in this place.
 G = Mean time per level.
                   A        B        C        D        E       F      G
               +--------+--------+--------+--------+--------+-----+--------+
         Total |   2384 |   2355 |     29 |     94 |   2059 |   3 |  794.7 |
       Dungeon |   2384 |   2355 |     29 |     94 |   2059 |   3 |  794.7 |
               +--------+--------+--------+--------+--------+-----+--------+

Top non-repeatable levels by time:
     D:3: 964 daAuts
     D:2: 824 daAuts
     D:1: 596 daAuts
